 Dungeon Crawl Stone Soup version 0.25.1-2-g60ff931df9 (webtiles) character file.

Game seed: 279828256347396519

228 Impeuri the Ruffian (level 5, 0/40 HPs)
             Began as a Draconian Transmuter on Aug 22, 2020.
             Killed by nerve-wracking pain
             ... invoked by Grinder
              (6 damage)
             ... on level 3 of the Dungeon.
             The game lasted 00:06:13 (2677 turns).

Impeuri the Ruffian (Draconian Transmuter)          Turns: 2677, Time: 00:06:14

Health: 0/40       AC:  5    Str: 12    XL:     5   Next: 71%
Magic:  5/8        EV: 12    Int: 17    God:
Gold:   43         SH:  0    Dex: 11    Spells: 2/8 levels left

rFire    . . .     SeeInvis .     - Unarmed
rCold    . . .     Gourm    .   (no shield)
rNeg     . . .     Faith    .   (armour unavailable)
rPois    .         Spirit   .   (helmet restricted)
rElec    .         Reflect  .   (no cloak)
rCorr    .         Harm     .   (no gloves)
MR       .....                  (boots currently unavailable)
Stlth    +.........             (no amulet)
HPRegen  0.13/turn              (no ring)
MPRegen  0.11/turn              (no ring)

@: appendage, very slightly contaminated
A: unfitting armour, horns 1, stinger 1, talons 3, clever 1, cold-blooded, AC +5
a: End Transformation


You were on level 3 of the Dungeon.
You were not hungry.
You had grown temporary talons.
You visited 1 branch of the dungeon, and saw 3 of its levels.

You collected 43 gold pieces.

Inventory:

Hand Weapons
 k - a +1 dagger of venom
Missiles
 a - 58 arrows
Scrolls
 d - a scroll of remove curse {unknown}
 i - a scroll of magic mapping {unknown}
 j - a scroll of fog {unknown}
Potions
 e - a potion of magic
 h - a potion of degeneration {unknown}
 l - a potion of stabbing {unknown}
 m - 2 potions of brilliance {unknown}
Comestibles
 c - 3 rations


   Skills:
 - Level 1.1 Fighting
 - Level 1.7 Dodging
 + Level 4.7 Unarmed Combat
 - Level 2.0 Spellcasting
 + Level 4.1 Transmutations
 + Level 2.1 Poison Magic


You had 2 spell levels left.
You knew the following spells:

 Your Spells              Type           Power        Failure   Level  Hunger
a - Beastly Appendage     Tmut           ###...       3%          1    #......
b - Sticks to Snakes      Tmut           ###.....     5%          2    ###....
c - Spider Form           Tmut/Pois      ##........   16%         3    ###....

Your spell library contained the following spells:

 Spells                   Type           Power        Failure   Level  Hunger
 Ice Form                 Ice/Tmut       #.......     63%         4    #####..
 Blade Hands              Tmut           ###.......   69%         5    ######.


Dungeon Overview and Level Annotations

Branches:
Dungeon (3/15)

Altars:
Vehumet

Annotations:
D:3 Grinder


Innate Abilities, Weirdness & Mutations

Your plain brown scales are hard. (AC +5)
You cannot fit into any form of body armour.
You are cold-blooded and may be slowed by cold attacks.
You have a pair of small horns on your head.
Your tail ends in a poisonous barb.
You have claws for feet.
Your mind is acute. (Int +2)


Message History

Grinder is lightly wounded.
Grinder blinks!
Grinder hits you.
You writhe in agony.
Grinder hits you but does no damage.
You barely miss Grinder.
Grinder is lightly wounded.
Grinder says, "Just stop there for a second..."
Grinder hits you!
* * * LOW HITPOINT WARNING * * *
You closely miss Grinder.
Your tail-slap misses Grinder.
Grinder is lightly wounded.
Grinder hits you.
* * * LOW HITPOINT WARNING * * *
Okay, then.
Casting: Beastly Appendage (safe; 3% risk of failure)
Confirm with . or Enter, or press ? or * to list all spells.
You create a snake!
You now have 58 arrows.
Grinder gestures at you. Pain shoots through your body!
You die...

####.........#......#
#........#####......#..
..###.....##........>...
#####.....##............
.........###............
..###....# #....###.....
..##......##............
####......#####.........
# #......# #5@...###. #
#......# #S....# #
#......# #.....# #
.....# #.....# # #.....#
#######


You could see Grinder and a friendly ball python.

Vanquished Creatures
  Sigmund (D:2)
  A gnoll (D:1)
  An adder (D:2)
  2 worms (D:2)
  3 dart slugs
  4 leopard geckos
  6 bats
  2 giant cockroaches
  5 goblins
  6 hobgoblins
  3 jackals (D:1)
  A ball python (D:1)
  3 frilled lizards
  6 kobolds
  3 rats (D:1)
47 creatures vanquished.

Vanquished Creatures (collateral kills)
  A worm (D:2)
  A hobgoblin (D:2)
  A kobold (D:2)
3 creatures vanquished.

Grand Total: 50 creatures vanquished

Notes
Turn   | Place    | Note
-------+----------+-------------------------------------------
     0 | D:1      | Impeuri the Draconian Transmuter began the quest for the
                  | Orb.
     0 | D:1      | Reached XP level 1. HP: 16/16 MP: 3/3
     1 | D:1      | Noticed an electric eel
    83 | D:1      | Reached XP level 2. HP: 20/23 MP: 3/5
   136 | D:1      | Learned a level 2 spell: Sticks to Snakes
   777 | D:1      | Reached XP level 3. HP: 28/28 MP: 6/6
   838 | D:1      | Learned a level 3 spell: Spider Form
  1313 | D:2      | Noticed Sigmund
  1477 | D:2      | Found a radiant altar of Vehumet.
  1973 | D:2      | Reached XP level 4. HP: 29/35 MP: 7/7
  2049 | D:2      | Gained mutation: Your mind is acute. (Int +2) [potion of
                  | mutation]
  2049 | D:2      | Gained mutation: You have a pair of small horns on your
                  | head. [potion of mutation]
  2049 | D:2      | Gained mutation: Your tail ends in a poisonous barb.
                  | [potion of mutation]
  2061 | D:2      | Killed Sigmund
  2061 | D:2      | Reached XP level 5. HP: 20/40 MP: 1/8
  2666 | D:3      | Noticed Grinder
  2677 | D:3      | Killed from afar by Grinder

Illustrated notes

Levels and vault maps discovered:
D:1:      arrival_aquarium_a, layout_loops_ring, minmay_crystal_room,
          minmay_bisected
D:2:      layout_rooms, vehumet_crystals, minmay_ruptured, uniq_sigmund
D:3:      layout_basic, gammafunk_ghost_mausoleum,
          chequers_ecumenical_altar_twisty, uniq_grinder

Skill      XL: |  1  2  3  4 |
---------------+-------------+-----
Transmutations | 3 4 |  4.1
Unarmed Combat | 4 |  4.7
Poison Magic   | 2 |  2.1
Fighting       | |  1.1
Dodging        | |  1.7
Spellcasting   | |  2.0

Action                   |  1- 3 |  4- 6 || total
-------------------------+-------+-------++-------
Melee: Unarmed           |   188 |    29 ||   217
       Tailslap          |    16 |     4 ||    20
       Kick              |     3 |       ||     3
       Headbutt          |     2 |     6 ||     8
       Punch             |     2 |     1 ||     3
 Cast: Beastly Appendage |     6 |     1 ||     7
       Sticks to Snakes  |     1 |     3 ||     4
  Use: Potion            |     1 |     2 ||     3
       Scroll            |     1 |       ||     1
 Stab: Sleeping          |     1 |       ||     1
       Distracted        |       |     1 ||     1
  Eat: Chunk             |     3 |     1 ||     4
       Ration            |       |     1 ||     1
Armor: Skin              |    67 |     4 ||    71
Dodge: Dodged            |   176 |    12 ||   188
